 Dungeon Crawl Stone Soup version 0.31-a0-1074-g0b22e4e0f1 (webtiles) character file.

Game seed: 92718568439994769

3812 lunkers the Brawler (level 10, -2/81 HPs)
             Began as a Meteoran Shapeshifter on Nov 28, 2023.
             Was a Believer of Okawaru.
             Slain by a gnoll
             ... wielding a +0 halberd
             ... led by a gnoll bouda
              (10 damage)
             ... on level 7 of the Dungeon.
             The game lasted 00:09:14 (3524 turns).

lunkers the Brawler (Meteoran Shapeshifter)         Turns: 3524, Time: 00:09:14

Health: -2/81      AC:  7    Str: 18    XL:     10   Next: 66%
Magic:  14/14      EV: 12    Int: 12    God:    Okawaru [**....]
Gold:   289        SH:  0    Dex: 16    Spells: 9/9 levels left

rFire   + .          .
                       - Unarmed
rCold   . . .        (shield currently unavailable)
rNeg    . . .        g - +0 scale mail
rPois   .            (no helmet)
rElec   .            (no cloak)
rCorr   .            f - +0 pair of gloves
SInv    .            (no boots)
Will    +....        (no amulet) Stlth
                     j - +4 ring of slaying
HPRegen 0.33/turn    r - ring of protection from fire
MPRegen 0.14/turn

%: no passive effects
@: confused, lethally poisoned (-2 -> -4), about to teleport, flux-form,
glowing, studying 2 skills
A: glow, contaminating, sense surroundings 2, otherworldly, glowing, explore
regen
a: Begin Untransformation, Renounce Religion, Heroism


You were on level 7 of the Dungeon.
You worshipped Okawaru.
Okawaru was pleased with you.
You were something dangerously unstable.
You visited 1 branch of the dungeon, and saw 7 of its levels.
You also visited: Ossuary.

You collected 289 gold pieces.

Inventory:

Missiles
 q - a throwing net
Armour
 a - a +0 animal skin
 f - a +0 pair of gloves (worn)
 g - a +0 scale mail (worn)
Jewellery
 j - a +4 ring of slaying (left hand)
 m - a ring of wizardry
 r - a ring of protection from fire (right hand)
 t - a +4 ring of protection
Talismans
 c - a beast talisman
 d - a flux talisman (active)
 o - a maw talisman
Scrolls
 k - 2 scrolls of teleportation
 v - a scroll of enchant weapon
Potions
 b - 4 potions of enlightenment
 e - 2 potions of brilliance
 h - 2 potions of heal wounds
 i - a potion of haste
 l - 3 potions of curing
 n - a potion of cancellation {unknown}
 p - 2 potions of berserk rage
 s - 2 potions of might {unknown}
 u - a potion of mutation {unknown}
 w - a potion of attraction {unknown}
 x - a potion of degeneration {unknown}


   Skills:
 + Level 5.1 Fighting
 + Level 5.5 Dodging
 * Level 15.3 Unarmed Combat
 + Level 4.1 Invocations
 + Level 8.5 Shapeshifting


You had 9 spell levels left.
You didn't know any spells.
Your spell library contained the following spells:

 Spells                   Type           Power      Damage    Failure   Level
 Magic Dart               Conj           0%         1d3       75%         1
 Lesser Beckoning         Tloc           0%         N/A       86%         2
 Searing Ray              Conj           0%         2d4       86%         2
 Gell's Gravitas          Tloc           0%         N/A       98%         3
 Teleport Other           Tloc           0%         N/A       98%         3
 Fulminant Prism          Conj/Hex       0%         3d5       100%        4


Dungeon Overview and Level Annotations

Branches:
Dungeon (7/15) Zot: 887    Temple (0/1) D:7         Ossuary (visited)

Altars:
Cheibriados
Hepliaklqana
Kikubaaqudgha
Makhleb
Nemelex Xobeh
Okawaru


Innate Abilities, Weirdness & Mutations

You are something dangerously unstable.
You glow with magical radiation, making you easy to see and hit.
Foes you strike become dangerously contaminated with magical radiation.
You are incapable of wielding weapons or throwing items.
You passively map the area around you.
You are easily found by Zot.
You glow in the dark.
You regain HP and MP as you explore.


Message History

You punch the sky beast!
You kill the sky beast!
Okawaru accepts your kill. The gnoll barely misses you.
The gnoll bouda misses you.
The orc wizard gestures wildly while chanting.
The orc wizard flickers and vanishes!
The orc hits you but does no damage.
The orc wizard hits you but does no damage.
Unknown command.
You punch the gnoll bouda!
You kill the gnoll bouda!
Okawaru accepts your kill. The gnoll hits you but does no damage.
You punch the orc wizard!
The orc wizard begins to glow.
The orc wizard is heavily wounded.
Unknown command.
You punch the orc wizard!
You kill the orc wizard!
Okawaru accepts your kill.
The gnoll hits you from afar with a +0 halberd!
* * * LOW HITPOINT WARNING * * *
Unknown command.
You miss something.
The gnoll hits you from afar with a +0 halberd!
* * * LOW HITPOINT WARNING * * *
Something hits you but does no damage.
You are poisoned.
The orc hits you with a +0 dagger.
* * * LOW HITPOINT WARNING * * *
You punch the orc!
You kill the orc!
Okawaru accepts your kill.
You feel sick. The gnoll barely misses you.
Unknown command.
As you read the scroll of teleportation, it crumbles to dust.
You feel strangely unstable.
You feel sick.
You hear some strange, mumbled words.
You are confused.
Something hits you but does no damage.
The gnoll hits you from afar with a +0 halberd!
You die...

#...##...... * *,,
.......# * * #.....,
* #..##.## #.... , ,
##..#..# #....
....##.#### .... ,
###.......#####..# ,
,,
###'####>...##.{g# ,
*, *
#.....#.###....{)###
, #.#.#.#.#
###)p).#* # , ,
#.._..#.## #.†#.##.#
* #.#.#.#..#
#.......# *
#.....##.#
####....### , *
###'####.#
##.)).....# * #..
#..##
#.###..##..##....# ,
#.#
##..###..##.###..#
###..# *###.#
#..........# #..#
<........
##.##.)..### #...#
#.)##...


You could see a gnoll (swift).

Vanquished Creatures
  Pikel (D:4)
  A shadow (D:7)
  Sigmund (D:2)
  A wraith (Ossuary)
  6 yaks (D:6)
  A steam dragon (D:7)
  An ice beast (D:5)
  A sky beast (D:7)
  The ghost of sammy202020 the Ruffian, an amateur TrSh (D:3)
  4 black bears
  2 phantoms
  2 scorpions
  2 howler monkeys
  4 hounds
  An orc priest (D:3)
  5 gnoll boudas
  Jessica (D:3)
  2 iguanas
  A sleepcap (D:6)
  4 orc wizards
  A mummy (Ossuary)
  8 adders
  28 gnolls
  2 worms
  A dart slug (D:2)
  12 orcs
  5 ball pythons
  4 bats
  6 endoplasms
  3 giant cockroaches
  2 hobgoblins
  4 jackals (D:3)
  A kobold (D:2)
  2 quokkas
  4 frilled lizards
  6 gnoll skeletons (Ossuary)
  6 goblins
  8 kobold skeletons (Ossuary)
  11 orc skeletons (Ossuary)
  A rat (D:1)
157 creatures vanquished.

Notes
Turn   | Place    | Note
-------+----------+-------------------------------------------
     0 | D:1      | lunkers the Meteoran Shapeshifter began the quest for the
                  | Orb.
     0 | D:1      | Reached XP level 1. HP: 16/16 MP: 2/2
    97 | D:1      | Reached XP level 2. HP: 23/23 MP: 3/3
    99 | D:1      | Reached skill level 4 in Unarmed Combat
   395 | D:2      | Found a sparkling altar of Nemelex Xobeh.
   399 | D:2      | Reached XP level 3. HP: 28/28 MP: 4/4
   466 | D:2      | Reached XP level 4. HP: 28/35 MP: 5/5
   477 | D:2      | Reached skill level 5 in Unarmed Combat
   496 | D:2      | Noticed Sigmund
   505 | D:2      | Killed Sigmund
   506 | D:2      | Reached skill level 6 in Unarmed Combat
   506 | D:2      | Reached skill level 5 in Shapeshifting
   506 | D:2      | Reached XP level 5. HP: 12/40 MP: 6/6
   506 | D:2      | Reached XP level 6. HP: 14/47 MP: 7/7
   732 | D:3      | Found an ancient bone altar of Kikubaaqudgha.
   842 | D:3      | Found a runed translucent door.
   848 | D:3      | Noticed sammy202020's ghost (amateur TrSh)
   869 | D:3      | Killed sammy202020's ghost
   870 | D:3      | Reached skill level 7 in Unarmed Combat
   870 | D:3      | Reached XP level 7. HP: 52/52 MP: 8/8
   966 | D:3      | Noticed Jessica
   970 | D:3      | Killed Jessica
  1304 | D:4      | Reached skill level 8 in Unarmed Combat
  1354 | D:4      | Identified a scroll of acquirement
  1354 | D:4      | Acquired a manual of Unarmed Combat
  1423 | D:4      | Noticed Pikel
  1432 | D:4      | Killed Pikel
  1433 | D:4      | Reached skill level 10 in Unarmed Combat
  1433 | D:4      | Reached XP level 8. HP: 45/59 MP: 9/9
  1583 | D:4      | Reached skill level 11 in Unarmed Combat
  1936 | D:5      | Entered Level 5 of the Dungeon
  1968 | D:5      | Gained mutation: You passively map the area around you.
                  | [Meteoran growth]
  1968 | D:5      | Reached XP level 9. HP: 26/67 MP: 10/10
  2222 | D:5      | Reached skill level 12 in Unarmed Combat
  2383 | D:5      | Found a snail-covered altar of Cheibriados.
  2386 | D:5      | Found an iron altar of Okawaru.
  2390 | D:5      | Found a burning altar of Makhleb.
  2399 | D:5      | Became a worshipper of Warmaster Okawaru
  2519 | D:6      | Found a sand-covered staircase.
  2531 | Ossuary  | Entered an ossuary
  2610 | Ossuary  | Reached skill level 13 in Unarmed Combat
  3129 | D:6      | Identified the +5 flail of Execution {freeze, rElec Will+
                  | SInv}
  3214 | D:6      | Reached skill level 1 in Invocations
  3216 | D:6      | Reached * piety under Okawaru
  3219 | D:6      | Reached XP level 10. HP: 67/78 MP: 10/12
  3225 | D:6      | Reached skill level 14 in Unarmed Combat
  3233 | D:6      | Reached ** piety under Okawaru
  3262 | D:6      | Reached skill level 5 in Dodging
  3440 | D:7      | Reached skill level 15 in Unarmed Combat
  3464 | D:7      | Found a hazy altar of Hepliaklqana.
  3471 | D:7      | Reached skill level 5 in Fighting
  3524 | D:7      | Slain by a gnoll

Illustrated notes

Levels and vault maps discovered:
D:1:      amcnicky_arrival_underground_garden, layout_basic,
          chequers_serial_rivers_marsh
D:2:      layout_loops_ring, basic_altar, uniq_sigmund
D:3:      layout_basic, kiku_gazebo_pond_becter, ebering_ghost_sewer_d,
          uniq_jessica
D:4:      layout_loops_ring, grunt_decor_clamped, uniq_pikel
D:5:      layout_basic, grunt_temple_overflow_diamond, moated_statue
D:6:      layout_cave_pods, chequers_ossuary_entry_cave, minmay_manual_mullet,
          uniq_crazy_yiuf_cottage, uniq_maggie
D:7:      layout_rooms, kennysheep_little_box,
          minmay_temple_entry_gardened_gates

Skill      XL: |  1  2  3  4  5  6  7  8  9 10 |
---------------+-------------------------------+-----
Unarmed Combat | 4 6 7 10 11 13 15 | 15.3
Shapeshifting  | 4 5 6 7 8 |  8.5
Fighting       | 3 5 |  5.1
Dodging        | 4 5 |  5.5
Invocations    | 1 4 |  4.1

Action                     |  1- 3 |  4- 6 |  7- 9 | 10-12 || total
---------------------------+-------+-------+-------+-------++-------
  Melee: Unarmed           |    58 |    46 |   236 |    74 ||   414
         Punch             |     2 |     1 |     8 |       ||    11
    Use: Potion            |       |     1 |       |       ||     1
         Scroll            |       |       |    15 |     2 ||    17
 Armour: Animal skin       |    27 |       |       |       ||    27
         Scale mail        |    16 |    28 |   161 |    63 ||   268
         Skin              |       |    15 |     1 |       ||    16
  Dodge: Dodged            |    30 |    14 |   128 |    32 ||   204
   Form: Maw               |       |       |     1 |       ||     1
         Flux              |       |       |     1 |       ||     1

Table legend: (Time is in decaauts)
 A = Elapsed time spent in this place.
 B = Non-inter-level travel time spent in this place.
 C = Inter-level travel time spent in this place.
 D = Time resting spent in this place.
 E = Time spent auto-exploring this place.
 F = Levels seen in this place.
 G = Mean time per level.
                   A        B        C        D        E       F      G
               +--------+--------+--------+--------+--------+-----+--------+
         Total |   3484 |   3337 |    147 |     23 |   2286 |   8 |  435.5 |
       Dungeon |   3311 |   3164 |    147 |     23 |   2186 |   7 |  473.0 |
       Ossuary |    173 |    173 |      0 |      0 |    100 |   1 |  173.0 |
               +--------+--------+--------+--------+--------+-----+--------+

Top non-repeatable levels by time:
     D:6: 783 daAuts
     D:4: 636 daAuts
     D:3: 572 daAuts
     D:5: 455 daAuts
     D:2: 401 daAuts
     D:1: 312 daAuts
 Ossuary: 173 daAuts
     D:7: 148 daAuts
